 Dungeon Crawl Stone Soup version 0.30-a0-634-g8abc85282e (webtiles) character file.

Game seed: 6087981175898807158

2835 Citaku the Protected (level 9, -6/79 HPs)
             Began as a Minotaur Fighter on Jan 14, 2023.
             Was an Initiate of Gozag.
             Mangled by a troll (12 damage)
             ... on level 6 of the Dungeon.
             The game lasted 00:08:19 (5525 turns).

Citaku the Protected (Minotaur Fighter)             Turns: 5525, Time: 00:08:20

Health: -6/79      AC: 11    Str: 24    XL:     9   Next: 45%
Magic:  8/8        EV:  9    Int:  5    God:    Gozag
Gold:   288        SH:  5    Dex: 11    Spells: 8/8 levels left

rFire   . . .      SeeInvis .    a - +0 war axe
rCold   . . .      Faith    .    c - +0 buckler
rNeg    + . .      Spirit   .    b - +0 scale mail
rPois   .          Reflect  .    (helmet restricted)
rElec   .          Harm     .    d - +0 cloak
rCorr   .          Rampage  .    (no gloves)
Will    .....                    p - +0 pair of boots Stlth
                                 (no amulet)
HPRegen 0.33/turn                o - ring of positive energy
MPRegen 0.11/turn                (no ring)

@: gold aura
A: horns 2, retaliatory headbutt
a: Renounce Religion, Potion Petition, Call Merchant, Bribe Branch


You were on level 6 of the Dungeon.
You worshipped Gozag.
Gozag was aware of your devotion.
You visited 2 branches of the dungeon, and saw 8 of its levels.

You collected 322 gold pieces.
You paid 34 gold pieces to Gozag.

Inventory:

Hand Weapons
 a - a +0 war axe (weapon)
Missiles
 v - a throwing net (quivered)
Armour
 b - a +0 scale mail (worn)
 c - a +0 buckler (worn)
 d - a +0 cloak (worn)
 p - a +0 pair of boots (worn)
Jewellery
 o - a ring of positive energy (left hand)
Wands
 r - a wand of roots (5)
 t - a wand of flame (14)
Scrolls
 f - a scroll of vulnerability {unknown}
 g - 3 scrolls of poison {unknown}
 h - 9 scrolls of identify {unknown}
 j - 3 scrolls of magic mapping {unknown}
 l - 2 scrolls of enchant weapon {unknown}
 q - a scroll of noise {unknown}
 s - 3 scrolls of teleportation {unknown}
 u - 3 scrolls of amnesia {unknown}
 w - a scroll of fog {unknown}
 x - a scroll of enchant armour {unknown}
 y - a scroll of immolation {unknown}
 A - 3 scrolls of fear {unknown}
Potions
 e - 3 potions of cancellation {unknown}
 i - 3 potions of heal wounds {unknown}
 k - 2 potions of attraction {unknown}
 m - 3 potions of curing {unknown}
 n - 4 potions of flight {unknown}
 z - a potion of brilliance {unknown}


   Skills:
 + Level 7.2 Fighting
 * Level 9.4 Axes
 * Level 9.7 Armour
 + Level 7.4 Shields


You had 8 spell levels left.
You didn't know any spells.
Your spell library contained the following spells:

 Spells                   Type           Power      Damage    Failure   Level
 Apportation              Tloc           0%         N/A       80%         1
 Necrotise                Necr           0%         1d4       80%         1
 Sting                    Tmut/Pois      0%         1d3       80%         1
 Summon Small Mammal      Summ           0%         N/A       80%         1


Dungeon Overview and Level Annotations

Branches:
Dungeon (7/15)             Temple (1/1) D:5

Altars:
Ashenzari
Cheibriados
Fedhas
Gozag
Kikubaaqudgha
Okawaru
Qazlal
Ru
Sif Muna
Trog
Uskayaw
Vehumet

Shops:
D:3 (


Innate Abilities, Weirdness & Mutations

You have a pair of horns on your head.
You reflexively headbutt those who attack you in melee.


Message History

The howler monkey is almost dead.
You slash the troll!
The howler monkey is distracted by your dazzling golden aura.
You block the troll's attack. The troll closely misses you.
The troll barely misses you.
The howler monkey howls!
You slash the howler monkey!
You kill the howler monkey!
You hit the troll but do no damage. The troll bites you!
The troll claws you but does no damage. The troll barely misses you.
You hit the troll but do no damage.
The troll is moderately wounded.
You completely miss the ogre. The troll bites you!
The troll claws you but does no damage. The troll claws you.
The ogre closely misses you.
You hit the troll.
The troll is moderately wounded.
You barely miss the ogre. The troll bites you. The troll claws you. x2
You block the ogre's attack.
You are too injured to fight recklessly!
A necrophage comes into view.
There is a stone staircase leading up here.
The troll bites you. The troll claws you but does no damage.
The troll claws you!
* * * LOW HITPOINT WARNING * * *
You climb upwards.
There is a stone staircase leading down here.
Okay, then.
You slash the troll! You headbutt the troll.
The troll is severely wounded.
The troll barely misses you. You furiously retaliate!
You headbutt the troll. The troll claws you.
* * * LOW HITPOINT WARNING * * *
The troll claws you!
* * * LOW HITPOINT WARNING * * *
You hit the troll.
The troll is severely wounded.
The troll bites you!
You die...
Your body crumbles into a pile of gold.

.##.#.####..(.##..##
..##.###.....#.#...#
8...#.......####...#
..#..#.....#.# #...#
8..#....#.#### #...#
....#..#.#.# #...#
.##.############..##
..######.#......T#######
.## #..##.######@......#
..####...#.## #>=.....#
#........##.## #.......#
##..####..)#.###.......#
#..........##.##..^....#
..####..##...#.#.#######
.##....#####.#####
...##### ##### .......#
#.#.#


You could see a troll.

Vanquished Creatures
  Grinder (D:5)
  Prince Ribbit (D:5)
  Sigmund (D:3)
  A steam dragon (D:6)
  Eustachio (D:4)
  Menkaure (D:4)
  A water moccasin (D:6)
  A sky beast (D:6)
  An orc warrior (D:4)
  Duvessa (D:5)
  An ice beast (D:5)
  2 black bears
  An ogre (D:5)
  4 centaurs
  A necrophage (D:6)
  A scorpion (D:5)
  Dowan (D:5)
  2 howler monkeys
  2 orc priests (D:3)
  Crazy Yiuf (D:3)
  4 hounds
  2 iguanas
  Jessica (D:3)
  A gnoll bouda (D:5)
  2 orc wizards (D:4)
  5 adders
  5 gnolls
  2 shadow imps
  An ufetubus (D:5)
  A worm (D:3)
  3 dart slugs
  12 orcs
  4 endoplasms
  A giant cockroach (D:3)
  9 goblins
  7 hobgoblins
  12 jackals
  3 quokkas
  10 ball pythons
  6 bats
  4 frilled lizards
  6 kobolds
  7 rats
134 creatures vanquished.

Vanquished Creatures (others)
  An endoplasm (D:3)
1 creature vanquished.

Grand Total: 135 creatures vanquished

Notes
Turn   | Place    | Note
-------+----------+-------------------------------------------
     0 | D:1      | Citaku the Minotaur Fighter began the quest for the Orb.
     0 | D:1      | Reached XP level 1. HP: 19/19 MP: 0/0
   162 | D:1      | Reached XP level 2. HP: 26/27 MP: 1/1
   754 | D:2      | Reached XP level 3. HP: 33/33 MP: 2/2
  1159 | D:2      | Reached XP level 4. HP: 40/40 MP: 3/3
  1690 | D:3      | Noticed Sigmund
  1694 | D:3      | Reached XP level 5. HP: 47/47 MP: 4/4
  1705 | D:3      | Killed Sigmund
  1706 | D:3      | Reached skill level 5 in Axes
  1706 | D:3      | Reached skill level 5 in Armour
  1706 | D:3      | Reached XP level 6. HP: 26/53 MP: 5/5
  1854 | D:3      | Found a faded altar of an unknown god.
  1868 | D:3      | Noticed Jessica
  1872 | D:3      | Killed Jessica
  1937 | D:3      | Found Besuon's Weapon Boutique.
  1980 | D:3      | Found a broken altar of Ashenzari.
  2011 | D:3      | Found a radiant altar of Vehumet.
  2140 | D:3      | Found a runed translucent door.
  2141 | D:3      | Noticed Crazy Yiuf
  2147 | D:3      | Killed Crazy Yiuf
  2549 | D:4      | Noticed an orc warrior
  2550 | D:4      | Found a bloodstained altar of Trog.
  2564 | D:4      | Killed an orc warrior
  2565 | D:4      | Reached skill level 5 in Fighting
  2565 | D:4      | Reached skill level 5 in Shields
  2741 | D:4      | Found a shimmering blue altar of Sif Muna.
  2758 | D:4      | Got Sif Muna's Secrets of Discontinuous Intoxication
  2871 | D:4      | Noticed Menkaure
  2879 | D:4      | Killed Menkaure
  2880 | D:4      | Reached XP level 7. HP: 35/61 MP: 6/6
  3236 | D:4      | Noticed Eustachio
  3244 | D:4      | Killed Eustachio
  3250 | D:4      | Identified the +4 leather armour of the Peculiar Wonders
                  | {MP+9}
  3633 | D:5      | Entered Level 5 of the Dungeon
  3648 | D:5      | Reached XP level 8. HP: 61/70 MP: 7/7
  4042 | D:5      | Noticed Prince Ribbit
  4047 | D:5      | Found a staircase to the Ecumenical Temple.
  4051 | D:5      | Killed Prince Ribbit
  4115 | D:5      | Noticed Duvessa
  4119 | D:5      | Noticed Dowan
  4122 | D:5      | Killed Duvessa
  4137 | D:5      | Killed Dowan
  4204 | Temple   | Entered the Ecumenical Temple
  4256 | Temple   | Became a worshipper of Gozag Ym Sagoz the Greedy
  4393 | D:5      | Noticed Grinder
  4409 | D:5      | Killed Grinder
  4618 | D:6      | Reached XP level 9. HP: 76/78 MP: 8/8
  5514 | D:7      | Noticed a troll
  5525 | D:6      | Mangled by a troll

Illustrated notes

Levels and vault maps discovered:
D:1:      amcnicky_arrival_blooded_trapdoor, layout_loops_cross
D:2:      layout_loops_ring
D:3:      layout_loops_cross, fiery_altar_vehumet, ashenzari_altar_1,
          ebering_ecumenical_altar_webs, serial_shops, nicolae_diamond_shop,
          uniq_sigmund, uniq_crazy_yiuf_cottage, uniq_jessica
D:4:      layout_basic, nzn_overflow_gifts_of_might_and_magic, uniq_eustachio,
          uniq_menkaure
D:5:      layout_rooms, minmay_temple_entry_water_ring, uniq_prince_ribbit1,
          uniq_grinder, uniq_duvessa
D:6:      wad_crossroads, layout_rooms, eino_small_chamber_without_monster
D:7:      layout_loops_ring, grunt_temple_overflow_order_and_chaos_2,
          kennysheep_ying_yang, serial_bayou, serial_bayou_pond_c,
          serial_bayou_lagoon_a, serial_bayou_pond_d, serial_bayou_pond_b,
          serial_park_tiny_1
Temple:   nicolae_temple_superstar

Skill      XL: |  1  2  3  4  5  6  7  8  9 |
---------------+----------------------------+-----
Armour         | 4 5 6 7 8 9 |  9.7
Axes           | 3 4 5 6 8 9 |  9.4
Shields        | 4 5 6 7 |  7.4
Fighting       | 4 5 6 7 |  7.2

Action                   |  1- 3 |  4- 6 |  7- 9 || total
-------------------------+-------+-------+-------++-------
Melee: War axe           |    78 |    75 |   186 ||   339
       Headbutt          |     7 |     8 |    34 ||    49
  Use: Potion            |       |     2 |       ||     2
 Stab: Distracted        |       |       |     2 ||     2
Armor: Scale mail        |    35 |    16 |   133 ||   184
Dodge: Dodged            |    44 |    24 |   107 ||   175
Block: Buckler           |    20 |    10 |    64 ||    94

Table legend: (Time is in decaauts)
 A = Elapsed time spent in this place.
 B = Non-inter-level travel time spent in this place.
 C = Inter-level travel time spent in this place.
 D = Time resting spent in this place.
 E = Time spent auto-exploring this place.
 F = Levels seen in this place.
 G = Mean time per level.
                   A        B        C        D        E       F      G
               +--------+--------+--------+--------+--------+-----+--------+
         Total |   5607 |   5377 |    230 |    154 |   4347 |   8 |  700.9 |
       Dungeon |   5483 |   5253 |    230 |    154 |   4262 |   7 |  783.3 |
        Temple |    123 |    123 |      0 |      0 |     85 |   1 |  123.0 |
               +--------+--------+--------+--------+--------+-----+--------+

Top non-repeatable levels by time:
     D:4: 1401 daAuts
     D:3: 980 daAuts
     D:6: 971 daAuts
     D:2: 751 daAuts
     D:1: 730 daAuts
     D:5: 635 daAuts
  Temple: 123 daAuts
     D:7: 12 daAuts
